 Dungeon Crawl Stone Soup version 0.30-a0-632-g346586fe48 (webtiles) character file.

Game seed: 1386288764087773086

46 vineage the Trooper (level 3, -2/24 HPs)
             Began as a Gargoyle Fighter on Jan 13, 2023.
             Slain by Natasha (5 damage)
             ... on level 2 of the Dungeon.
             The game lasted 00:01:14 (1327 turns).

vineage the Trooper (Gargoyle Fighter)              Turns: 1327, Time: 00:01:15

Health: -2/24      AC: 12    Str: 21    XL:     3   Next: 68%
Magic:  3/3        EV:  8    Int:  8    God:
Gold:   21         SH:  8    Dex:  9    Spells: 2/2 levels left

rFire   . . .      SeeInvis .    a - +0 flail
rCold   . . .      Faith    .    k - +0 kite shield
rNeg    + . .      Spirit   .    b - +0 scale mail
rPois   ∞          Reflect  .    (no helmet)
rElec   +          Harm     .    (no cloak)
rCorr   .          Rampage  .    i - +1 pair of gloves
Will    +....                    (no boots) Stlth
                                 (no amulet)
HPRegen 0.24/turn                g - ring of willpower
MPRegen 0.08/turn                (no ring)

@: flying
A: sickness immunity, AC +3, negative energy resistance 1, electricity
resistance, torment resistance 1, petrification resistance
a: no special abilities


You were on level 2 of the Dungeon.
You visited 1 branch of the dungeon, and saw 2 of its levels.

You collected 21 gold pieces.

Inventory:

Hand Weapons
 a - a +0 flail (weapon)
Armour
 b - a +0 scale mail (worn)
 i - a +1 pair of gloves (worn)
 k - a +0 kite shield (worn)
Jewellery
 g - a ring of willpower (left hand)
Scrolls
 j - a scroll of fear
Potions
 c - a potion of cancellation {unknown}
 d - a potion of might


   Skills:
 * Level 4.0 Fighting
 + Level 2.4 Maces & Flails
 + Level 3.6 Armour
 + Level 3.7 Shields


You had 2 spell levels left.
You didn't know any spells.
Your spell library was empty.

Dungeon Overview and Level Annotations

Branches:
Dungeon (2/15)

Altars:

Annotations:
D:2 Natasha


Innate Abilities, Weirdness & Mutations

You are immune to sickness and miasma.
Your stone body is resilient. (AC +3)
You are immune to poison.
You resist negative energy. (rN+)
You are resistant to electric shocks. (rElec)
You are resistant to unholy torment.
You are immune to petrification.


Message History

The crimson imp disappears in a puff of smoke!
Natasha claws you.
You sock Natasha!
Natasha is heavily wounded.
Natasha claws you but does no damage.
Natasha stares at you and mumbles some strange words.
The magic dart hits you.
You are too injured to fight recklessly!
You are too injured to fight recklessly!
You are too injured to fight recklessly!
You are too injured to fight recklessly!
You are too injured to fight recklessly!
You are too injured to fight recklessly!
You are too injured to fight recklessly!
You are too injured to fight recklessly!
You are too injured to fight recklessly!
You are too injured to fight recklessly!
You are too injured to fight recklessly!
You are too injured to fight recklessly!
You are too injured to fight recklessly!
You are too injured to fight recklessly!
You are too injured to fight recklessly!
You are too injured to fight recklessly!
You are too injured to fight recklessly!
You are too injured to fight recklessly!
You are too injured to fight recklessly!
You are too injured to fight recklessly!
You closely miss Natasha.
Natasha is heavily wounded.
Natasha claws you!
* * * LOW HITPOINT WARNING * * *
You feel very buoyant.
You fly up into the air.
Natasha mumbles some strange words.
You feel troubled. You block Natasha's attack.
You closely miss Natasha.
Natasha is heavily wounded.
Natasha claws you.
You die...

.. ##..##)#.#
#..##?##.#
#.)).##..#
##...#...#
##......#
##..##.#
...######.#
......)...###
.....###.@h.#
.................
.....#########...
.. ..


You could see Natasha.

Vanquished Creatures
  Jessica (D:2)
  A dart slug (D:1)
  A bat (D:2)
  An endoplasm (D:2)
  A giant cockroach (D:2)
  A goblin (D:2)
  3 hobgoblins
  2 kobolds (D:2)
  2 quokkas (D:1)
  2 ball pythons (D:1)
  2 frilled lizards (D:1)
  A rat (D:2)
18 creatures vanquished.

Notes
Turn   | Place    | Note
-------+----------+-------------------------------------------
     0 | D:1      | vineage the Gargoyle Fighter began the quest for the Orb.
     0 | D:1      | Reached XP level 1. HP: 14/14 MP: 1/1
   278 | D:1      | Reached XP level 2. HP: 19/19 MP: 2/2
  1290 | D:2      | Noticed Jessica
  1292 | D:2      | Killed Jessica
  1293 | D:2      | Reached skill level 4 in Fighting
  1293 | D:2      | Reached XP level 3. HP: 24/24 MP: 3/3
  1313 | D:2      | Noticed Natasha
  1327 | D:2      | Slain by Natasha

Illustrated notes

Levels and vault maps discovered:
D:1:      wander_arrival_chamber, layout_basic, serial_co_window_serial,
          co_window_corner_a, co_window_corner_a, co_window_of_opportunity_a,
          co_window_of_opportunity_a, co_window_corner_a,
          co_window_of_opportunity_a, co_window_corner_a, co_window_paths_b,
          co_window_paths_a, co_window_corner_b, co_window_broadway_b,
          co_window_cross_2, co_window_cross_2, co_window_of_opportunity_b,
          co_window_paths_c, glass_columns_a
D:2:      layout_rooms, minmay_cupped, uniq_jessica, uniq_crazy_yiuf_cottage,
          uniq_robin, uniq_natasha

Skill      XL: |  1  2 |
---------------+-------+-----
Fighting       | 4 |  4.0
Maces & Flails | |  2.4
Armour         | |  3.6
Shields        | |  3.7

Action                   || total
-------------------------++-------
Melee: Flail             ||    59
  Use: Scroll            ||     5
       Potion            ||     1
Armor: Scale mail        ||    37
Dodge: Dodged            ||    21
Block: Buckler           ||     4
       Kite shield       ||    12

Table legend: (Time is in decaauts)
 A = Elapsed time spent in this place.
 B = Non-inter-level travel time spent in this place.
 C = Inter-level travel time spent in this place.
 D = Time resting spent in this place.
 E = Time spent auto-exploring this place.
 F = Levels seen in this place.
 G = Mean time per level.
                   A        B        C        D        E       F      G
               +--------+--------+--------+--------+--------+-----+--------+
         Total |   1349 |   1173 |    176 |      0 |    986 |   2 |  674.5 |
       Dungeon |   1349 |   1173 |    176 |      0 |    986 |   2 |  674.5 |
               +--------+--------+--------+--------+--------+-----+--------+

Top non-repeatable levels by time:
     D:1: 1239 daAuts
     D:2: 109 daAuts
